 Dungeon Crawl Stone Soup version 0.22-a0-580-gd5db89c (webtiles) character file.

440 iamserjio the Shield-Bearer (level 7, -1/46 HPs)
             Began as a Halfling Fighter on July 3, 2018.
             Was an Initiate of Ashenzari.
             Killed from afar by an orc wizard (9 damage)
             ... with a magic dart
             ... on level 4 of the Dungeon.
             The game lasted 00:10:32 (1482 turns).

iamserjio the Shield-Bearer (Halfling Fighter)      Turns: 1482, Time: 00:10:33

Health: -1/46      AC:  9    Str: 22    XL:     7   Next: 22%
Magic:  7/7        EV: 11    Int:  8    God:    Ashenzari [......]
Gold:   54         SH: 11    Dex: 14    Spells: 6/6 levels left

rFire    . . .     SeeInvis .   a - +0 long sword
rCold    . . .     Gourm    .   c - +0 shield
rNeg     . . .     Faith    .   b - +0 scale mail
rPois    .         Spirit   .   e - +0 helmet
rElec    .         Reflect  .   (no cloak)
rCorr    .         Harm     .   (no gloves)
MR       .....                  q - +0 pair of boots
Stlth    ..........             (no amulet)
HPRegen  0.15/turn              (no ring)
MPRegen  0.10/turn              (no ring)

@: mighty, slowed, very slow
A: small, mutation resistance 1
a: Curse Item, Renounce Religion


You were on level 4 of the Dungeon.
You worshipped Ashenzari.
Ashenzari was noncommittal.
You were hungry.

You visited 2 branches of the dungeon, and saw 5 of its levels.

You collected 124 gold pieces.
You spent 70 gold pieces at shops.

Inventory:

Hand Weapons
 a - a +0 long sword (weapon)
Armour
 b - a +0 scale mail (worn)
 c - a +0 shield (worn)
 e - a +0 helmet (worn)
 h - a cursed -1 leather armour
 q - a +0 pair of boots (worn)
Wands
 i - a wand of clouds (3)
Scrolls
 m - a scroll of immolation {unknown}
 n - a scroll of random uselessness {unknown}
 o - a scroll of noise {unknown}
 p - a scroll of fear
 r - a scroll of remove curse {@r2}
Potions
 g - 2 potions of cancellation {unknown}
 j - a potion of haste {unknown}
 k - a potion of curing {@q1}
 l - 2 potions of flight
Comestibles
 f - 8 rations
 s - a chunk of flesh


   Skills:
 + Level 3.5 Fighting
 * Level 4.1 Long Blades
 + Level 4.4 Armour
 + Level 2.5 Dodging
 * Level 5.2 Shields


You had 6 spell levels left.
You didn't know any spells.
Your spell library was empty.

Dungeon Overview and Level Annotations

Branches:
Dungeon (4/15)             Temple (1/1) D:4

Altars:
Ashenzari
Cheibriados
Makhleb
Okawaru
Qazlal
Uskayaw
Vehumet
Xom
Yredelemnul
Zin
The Shining One

Shops:
D:4 *:


Innate Abilities, Weirdness & Mutations

You are small and have problems with some larger weapons.
You are somewhat resistant to further mutation.


Message History

The orc barely misses you. The hound barely misses you.
You riposte.
You slice the hound!!
You kill the hound!
You barely miss the orc. You block the orc wizard's attack.
The orc wizard hits you but does no damage.
You block the orc's attack.
You hit the orc wizard.
The orc wizard is heavily wounded.
You block the orc wizard's attack. x2; The orc barely misses you.
The orc wizard casts a spell at you. The magic dart hits you!
You block the orc's attack.
You miss the orc wizard.
The orc wizard is heavily wounded.
The orc wizard mumbles some strange words.
The orc wizard blinks!
The orc wizard gestures wildly while chanting.
The orc wizard blinks!
You block the orc's attack.
The orc wizard points at you and mumbles some strange words.
The magic dart hits you!
You die...

##########
########.........
.....§o@.o......#
#################§######.#
.....#..#########.#
..................######
...............÷........
...#.#..................
...#.##.##################
.........................#
...#.##.##..############.#


You could see an orc wizard and an orc.

Vanquished Creatures
  2 ogres (D:4)
  A scorpion (D:4)
  A hound (D:4)
  An orc wizard (D:4)
  2 worker ants (D:4)
  A howler monkey zombie (D:3)
  3 gnolls (D:4)
  3 adders
  A dart slug (D:3)
  2 leopard geckos
  9 orcs
  5 giant cockroaches
  A goblin (D:1)
  7 hobgoblins
  2 jackals (D:3)
  A kobold (D:1)
  A quokka (D:4)
  A bat (D:1)
  5 frilled lizards
  2 jackal skeletons (D:4)
  4 rats (D:2)
55 creatures vanquished.

Notes
Turn   | Place    | Note
-------+----------+-------------------------------------------
     0 | D:1      | iamserjio the Halfling Fighter began the quest for the Orb.
     0 | D:1      | Reached XP level 1. HP: 15/15 MP: 1/1
   115 | D:1      | Reached XP level 2. HP: 7/20 MP: 2/2
   289 | D:2      | Reached XP level 3. HP: 16/25 MP: 3/3
   491 | D:3      | Reached skill level 1 in Dodging
   542 | D:3      | Reached XP level 4. HP: 21/30 MP: 4/4
   545 | D:3      | Found a snail-covered altar of Cheibriados.
   574 | D:3      | Found a burning altar of Makhleb.
   812 | D:3      | Reached skill level 4 in Shields
   932 | D:4      | Found Setz's General Store.
   940 | D:4      | Bought a scroll of remove curse for 42 gold pieces
   940 | D:4      | Bought a scroll of identify for 28 gold pieces
   989 | D:4      | Reached XP level 5. HP: 15/36 MP: 5/5
  1037 | D:4      | Noticed an ogre
  1043 | D:4      | Killed an ogre
  1043 | D:4      | Reached XP level 6. HP: 18/42 MP: 6/6
  1165 | D:4      | Found Cidghoho's Book Shop.
  1177 | D:4      | Found a staircase to the Ecumenical Temple.
  1188 | Temple   | Entered the Ecumenical Temple
  1320 | Temple   | Became a worshipper of Ashenzari the Shackled
  1371 | D:4      | Noticed an ogre
  1388 | D:4      | Killed an ogre
  1388 | D:4      | Reached skill level 5 in Shields
  1388 | D:4      | Reached XP level 7. HP: 29/46 MP: 7/7
  1482 | D:4      | Killed from afar by an orc wizard

Vault maps used:
D:1:      lightli_molten_gateway
D:2:      grunt_ministairs_4, feat_on_display, uniq_terence, uniq_sigmund
D:3:      overflow_temple_1_default, cheibriados_altar_1,
          serial_co_window_serial, co_window_paths_a, co_window_corner_a,
          co_window_paths_b, co_window_paths_a, co_window_paths_a,
          co_window_corner_cb, co_window_broadway_b, co_window_2corner,
          co_window_of_opportunity_c, co_window_unsneaky_path_e,
          glass_columns_b, glass_columns_a, glass_columns_b, first_ration
D:4:      minmay_temple_entry_crystal_x, serial_shops, shop, shop, shop,
          nicolae_shop_stone
Temple:   minmay_temple_forest_path

Skill      XL: |  1  2  3  4  5  6 |
---------------+-------------------+-----
Dodging        | 1 2 |  2.5
Fighting       | 3 |  3.5
Shields        | 4 5 |  5.2
Long Blades    | 3 4 |  4.1
Armour         | 4 |  4.4

Action                   |  1- 3 |  4- 6 |  7- 9 || total
-------------------------+-------+-------+-------++-------
Melee: Long sword        |    93 |   116 |    24 ||   233
Evoke: Wand              |       |     1 |       ||     1
  Use: Scroll            |       |     3 |       ||     3
       Potion            |       |     1 |     1 ||     2
  Eat: Chunk             |       |     1 |     1 ||     2
Armor: Scale mail        |    27 |    25 |    28 ||    80
Dodge: Dodged            |    33 |    37 |    26 ||    96
Block: Shield            |    53 |    58 |    39 ||   150
       Rpst.: Long sword |     6 |     9 |     8 ||    23

Table legend:
 A = Spawn XP
 B = Non-spawn XP
 C = Spawn XP percentage of total XP
 D = Spawn monster count
 E = Non-spawn monster count
 F = Spawn count percentage of total count
 G = Total turns spent on level
                    A         B        C        D         E        F      G
               +---------+---------+-------+---------+---------+-------+---------
         Total |       0 |     629 |   0.0 |       0 |      55 |   0.0 |  1482
               +---------+---------+-------+---------+---------+-------+---------
           D:1 |       0 |      15 |   0.0 |       0 |       9 |   0.0 |   240
           D:2 |       0 |      21 |   0.0 |       0 |       7 |   0.0 |   219
           D:3 |       0 |      68 |   0.0 |       0 |      18 |   0.0 |   483
           D:4 |       0 |     525 |   0.0 |       0 |      21 |   0.0 |   360
               +---------+---------+-------+---------+---------+-------+---------
